 Dungeon Crawl Stone Soup version 0.26.1-10-gdfb7c7de75 (webtiles) character file.

Game seed: 2620587704553685453

1713 nightchill the Grappler (level 8, -9/56 (67) HPs)
             Began as a Demonspawn Fighter on Apr 6, 2021.
             Killed by nerve-wracking pain
             ... invoked by an orc priest
              (13 damage)
             ... on level 5 of the Dungeon.
             The game lasted 00:08:54 (4639 turns).

nightchill the Grappler (Demonspawn Fighter)        Turns: 4639, Time: 00:08:55

HP:   -9/56 (67)    AC:  7    Str: 19    XL:     8   Next: 74%
MP:   0/8           EV:  8    Int: 10    God:
Gold: 156           SH:  9    Dex: 12    Spells: 7/7 levels left

rFire    + . .     SeeInvis .     - Unarmed
rCold    . . .     Faith    .   b - +0 kite shield
rNeg     . . .     Spirit   +   e - +0 ring mail (curse)
rPois    .         Reflect  .   d - +2 hat
rElec    .         Harm     .   c - scarf {repulsion}
rCorr    .         Rampage  .   (no gloves)
Will     .....                  (no boots)
Stlth    ..........             (no amulet)
HPRegen  0.18/turn              (no ring)
MPRegen  0.11/turn              (no ring)

@: heavily drained, repel missiles
A: hooves 2, fire resistance 1, magic shield
a: no special abilities


You were on level 5 of the Dungeon.
You visited 1 branch of the dungeon, and saw 5 of its levels.

You collected 156 gold pieces.

Inventory:

Armour
 a - a +0 scale mail
 b - a +0 kite shield (worn)
 c - a scarf of repulsion (worn)
 d - a +2 hat (worn)
 e - a cursed +0 ring mail (worn)
 h - a +0 cloak
Wands
 q - a wand of flame (20)
Scrolls
 g - 3 scrolls of remove curse {unknown}
 i - 6 scrolls of identify {unknown}
 k - 4 scrolls of amnesia {unknown}
 l - a scroll of immolation {unknown}
 m - 4 scrolls of teleportation {unknown}
 n - a scroll of enchant armour {unknown}
 o - a scroll of fear {unknown}
 s - a scroll of summoning {unknown}
Potions
 f - 2 potions of degeneration {unknown}
 j - a potion of flight
 p - 2 potions of mutation {unknown}
 r - a potion of cancellation {unknown}


   Skills:
 + Level 7.1 Fighting
 - Level 2.6 Armour
 - Level 2.6 Shields
 * Level 8.6 Unarmed Combat


You had 7 spell levels left.
You didn't know any spells.
Your spell library was empty.

Dungeon Overview and Level Annotations

Branches:
Dungeon (5/15)
 Temple: D:4-7

Altars:
Yredelemnul

Shops:
D:4 [


Innate Abilities, Weirdness & Mutations

You have hoof-like feet.
Your flesh is heat resistant. (rF+)
When hurt, damage is shared between your health and your magic reserves.


Message History

* * * LOW HITPOINT WARNING * * *
You feel drained. The orc hits you but does no damage.
You punch Edmund!
Edmund is almost dead.
You block the orc's attack.
Edmund hits you with a +2 flail of draining.
* * * LOW HITPOINT WARNING * * *
You feel drained.
You hit Edmund but do no damage. Your kick misses Edmund.
Edmund is almost dead.
The orc hits you but does no damage. You block the orc priest's attack.
Unknown command.
You punch Edmund!
You kill Edmund!
You block the orc wizard's attack. The orc barely misses you.
The orc wizard hits you with a +0 dagger.
* * * LOW HITPOINT WARNING * * *
The orc priest mumbles some strange prayers to Beogh against you.
Pain shoots through your body!
You die...

...>........................
.....##.###########.#########
........# #.........#
.....##.### #.........#
..####..... #.........#
........# #.#######.........#
...###..# #......##.........#
#.......# #.....)##.........#
...#..#.# #....o@##.........#
...#### # #.####ooZ.........#
...# #o...........# ...#
#o..........## ...#
#...........# .#.#
...........##. .#.#
##..........# .#.#
....#.#####.. .# .....#.# ..


You could see an orc priest, an orc wizard (fast), 3 orcs and a bullfrog
skeleton.

Vanquished Creatures
  Pikel (D:4)
  Grinder (D:3)
  Edmund (D:5)
  Duvessa (D:4)
  A phantom (D:4)
  An ogre (D:4)
  A centaur (D:5)
  Blork the orc (D:4)
  Dowan (D:4)
  2 howler monkeys
  A hound (D:4)
  Ijyb (D:4)
  2 worker ants (D:4)
  Natasha (D:2)
  9 adders
  3 gnolls (D:4)
  A howler monkey zombie (D:5)
  2 oozes
  4 dart slugs
  2 leopard geckos
  3 giant cockroaches
  10 hobgoblins
  14 jackals
  2 quokkas (D:2)
  15 bats
  6 frilled lizards
  6 goblins
  9 kobolds
  8 rats
110 creatures vanquished.

Vanquished Creatures (others)
  Sigmund (D:4)
  2 withered plants (D:3)
3 creatures vanquished.

Grand Total: 113 creatures vanquished

Notes
Turn   | Place    | Note
-------+----------+-------------------------------------------
     0 | D:1      | nightchill the Demonspawn Fighter began the quest for the
                  | Orb.
     0 | D:1      | Reached XP level 1. HP: 18/18 MP: 1/1
   160 | D:1      | Reached skill level 2 in Unarmed Combat
   340 | D:1      | Gained mutation: You have large cloven feet. [demonic
                  | ancestry]
   340 | D:1      | Reached XP level 2. HP: 20/24 MP: 2/2
   591 | D:1      | Gained mutation: When hurt, damage is shared between your
                  | health and your magic reserves. [demonic ancestry]
   591 | D:1      | Reached XP level 3. HP: 29/29 MP: 3/3
   902 | D:1      | Reached skill level 3 in Unarmed Combat
  1335 | D:2      | Reached XP level 4. HP: 14/37 MP: 1/4
  2092 | D:2      | Found a faded altar of an unknown god.
  2092 | D:2      | Noticed Natasha
  2106 | D:2      | Killed Natasha
  2190 | D:3      | Reached skill level 4 in Unarmed Combat
  2190 | D:3      | Gained mutation: Your flesh is heat resistant. (rF+)
                  | [demonic ancestry]
  2190 | D:3      | Reached XP level 5. HP: 39/42 MP: 3/5
  2342 | D:3      | Noticed Grinder
  2367 | D:3      | Paralysed by Grinder for 3 turns
  2373 | D:3      | Killed Grinder
  2374 | D:3      | Reached skill level 5 in Unarmed Combat
  2374 | D:3      | Reached XP level 6. HP: 18/50 MP: 1/6
  2584 | D:3      | Found a basalt altar of Yredelemnul.
  3017 | D:4      | Noticed Pikel
  3040 | D:4      | Killed Pikel
  3041 | D:4      | Reached skill level 5 in Fighting
  3041 | D:4      | Reached skill level 6 in Unarmed Combat
  3041 | D:4      | Reached XP level 7. HP: 55/57 MP: 7/7
  3054 | D:4      | Noticed Dowan
  3071 | D:4      | Killed Dowan
  3206 | D:4      | Noticed Duvessa
  3233 | D:4      | Killed Duvessa
  3234 | D:4      | Reached skill level 7 in Unarmed Combat
  3234 | D:4      | Gained mutation: You have hoof-like feet. [demonic
                  | ancestry]
  3234 | D:4      | Reached XP level 8. HP: 59/64 MP: 4/8
  3650 | D:4      | Noticed Ijyb
  3732 | D:4      | Killed Ijyb
  3800 | D:4      | Found Byag's Armour Emporium.
  3847 | D:4      | Noticed Sigmund
  3894 | D:4      | HP: 1/65 [something (9)]
  3896 | D:4      | Noticed Blork the orc
  3901 | D:4      | Killed Sigmund
  3902 | D:4      | Reached skill level 8 in Unarmed Combat
  3970 | D:4      | Killed Blork the orc
  4458 | D:5      | Entered Level 5 of the Dungeon
  4622 | D:5      | Noticed Edmund
  4639 | D:5      | Killed Edmund
  4639 | D:5      | Killed from afar by an orc priest

Illustrated notes

Levels and vault maps discovered:
D:1:      minmay_arrival_up_and_down, layout_loops_ring, serial_aquarium,
          aquarium_bridge_square [aquarium_subvault_window,
          aquarium_subvault_wall, aquarium_subvault_bridge,
          aquarium_subvault_bridge], aquarium_bridge_long_joined
          [aquarium_subvault_balcony, aquarium_subvault_wall,
          aquarium_subvault_balcony, aquarium_subvault_wall,
          aquarium_subvault_bridge, aquarium_subvault_window],
          aquarium_window_corner, aquarium_window_3, aquarium_window_corner,
          aquarium_window_fake, aquarium_view_2c, aquarium_balcony_3b,
          minmay_box_of_dots
D:2:      layout_basic, chequers_ecumenical_altar_simple_redux, uniq_natasha
D:3:      layout_basic, yredelemnul_altar_generic, uniq_grinder
D:4:      layout_basic, serial_shops, nicolae_shop_behind_doors, minivault_27,
          uniq_sigmund, uniq_duvessa, uniq_ijyb, uniq_blork_the_orc, uniq_pikel
D:5:      layout_basic, portal_sewer_entry_e, uniq_edmund

Skill      XL: |  1  2  3  4  5  6  7  8 |
---------------+-------------------------+-----
Unarmed Combat | 2 3 4 5 6 7 8 |  8.6
Fighting       | 4 5 6 7 |  7.1
Armour         | |  2.6
Shields        | |  2.6

Action                   |  1- 3 |  4- 6 |  7- 9 || total
-------------------------+-------+-------+-------++-------
Melee: Unarmed           |   125 |   166 |   161 ||   452
       Kick              |    22 |    37 |    38 ||    97
  Use: Potion            |     3 |     1 |     4 ||     8
Armor: Ring mail         |    55 |    81 |    28 ||   164
       Scale mail        |     6 |       |       ||     6
       Skin              |     2 |       |       ||     2
Dodge: Dodged            |    39 |    59 |    37 ||   135
       Repelled          |       |       |     2 ||     2
Block: Kite shield       |    49 |    72 |    55 ||   176
